 Dungeon Crawl Stone Soup version 0.30-a0-578-gdee14c521f (webtiles) character file.

Game seed: 10919233797529177593

100037 cforsyth the Brawler (level 16, -11/155 HPs)
             Began as a Ghoul Monk on Dec 31, 2022.
             Was the Champion of Okawaru.
             Mangled by a wolf spider (23 damage)
             ... on level 2 of the Spider Nest.
             The game lasted 00:54:49 (30911 turns).

cforsyth the Brawler (Ghoul Monk)                  Turns: 30911, Time: 00:54:50

Health: -11/155    AC: 23    Str: 32    XL:     16   Next: 26%
Magic:  23/23      EV:  8    Int:  5    God:    Okawaru [******]
Gold:   2323       SH: 33    Dex:  8    Spells: 15/15 levels left

rFire   . . .      SeeInvis .      - Unarmed
rCold   + . .      Faith    .    Q - +18 shield of the Gong {rElec rN+ Will+ EV-5}
rNeg    + + +      Spirit   .    V - +1 plate armour of Siommek {Will+ Str+3 Dex-5}
rPois   ∞          Reflect  +    M - +2 helmet
rElec   +          Harm     .    K - +0 cloak
rCorr   .          Rampage  .    W - +1 pair of gloves of Moral Flaws {rN+ Will+ Dex+2}
Will    ++++.                    (no boots) Stlth
                                 g - amulet of reflection
HPRegen 0.00/turn                f - +6 ring of strength
MPRegen 0.18/turn                B - +5 ring of evasion

@: inhibited regen
A: claws 1, cold resistance 1, negative energy resistance 3, inhibited
regeneration, torment resistance 2, devour on kill
a: Renounce Religion, Heroism, Finesse, Duel


You were on level 2 of the Spider Nest.
You worshipped Okawaru.
Okawaru was exalted by your worship.
You visited 5 branches of the dungeon, and saw 23 of its levels.
You also visited: Ossuary.

You collected 2323 gold pieces.

Inventory:

Missiles
 G - 2 throwing nets (quivered)
Armour
 K - a +0 cloak (worn)
 M - a +2 helmet (worn)
 Q - the +18 shield of the Gong (worn) {rElec rN+ Will+ EV-5}
   (You found it on level 11 of the Dungeon)

   It is deafeningly noisy when blocking attacks.
   EV:        It affects your evasion (-5).
   rElec:     It insulates you from electricity.
   rN:        It protects you from negative energy.
   Will:      It increases your willpower.
 U - a +2 chain mail of fire resistance
 V - the +1 plate armour of Siommek (worn) {Will+ Str+3 Dex-5}
   (You took it off an orc knight on level 2 of the Orcish Mines)

   Str:       It affects your strength (+3).
   Dex:       It affects your dexterity (-5).
   Will:      It increases your willpower.
 W - the +1 pair of gloves of Moral Flaws (worn) {rN+ Will+ Dex+2}
   (You found it on level 2 of the Orcish Mines)

   Dex:       It affects your dexterity (+2).
   rN:        It protects you from negative energy.
   Will:      It increases your willpower.
Jewellery
 f - a +6 ring of strength (left hand)
 g - an amulet of reflection (around neck)
 j - a +6 ring of intelligence
 k - a ring of ice
 l - a ring of see invisible
 w - the ring "Eshrum Idde" {rF+ rN+}
   (You found it on level 6 of the Dungeon)

   [ring of positive energy]

   rF:        It protects you from fire.
   rN:        It protects you from negative energy.
 x - a ring of flight
 B - a +5 ring of evasion (right hand)
 F - a ring of magical power
 R - an amulet of faith
 S - the ring "Zostag" {Ice Slay+4}
   (You found it on level 5 of the Lair of Beasts)

   [ring of ice]

   It enhances your ice magic.
   Slay:      It affects your accuracy & damage with ranged weapons and melee
   (+4).
   rF:        It makes you vulnerable to fire.
   rC:        It protects you from cold.
 T - a +6 ring of dexterity
Wands
 o - a wand of roots (16)
 s - a wand of polymorph (22)
 v - a wand of flame (44)
 C - a wand of light (8)
 D - a wand of digging (10)
 J - a wand of mindburst (30)
Scrolls
 a - a scroll of poison
 e - 3 scrolls of magic mapping
 h - 7 scrolls of amnesia
 i - 4 scrolls of teleportation
 n - 6 scrolls of vulnerability
 u - 3 scrolls of fog
 E - 2 scrolls of enchant weapon
 H - 2 scrolls of enchant armour
 I - 5 scrolls of identify
 N - 2 scrolls of fear
 P - 2 scrolls of silence
Potions
 b - 8 potions of curing
 c - 5 potions of mutation
 d - 2 potions of flight
 m - 4 potions of attraction
 p - 6 potions of brilliance
 q - 2 potions of cancellation
 r - a potion of ambrosia
 t - 4 potions of heal wounds
 z - 2 potions of might
 A - 5 potions of haste
 L - 3 potions of magic
 O - 2 potions of resistance


   Skills:
 - Level 17.2 Fighting
 + Level 10.3 Armour
 + Level 3.8 Dodging
 - Level 2.1 Stealth
 + Level 9.4 Shields
 + Level 17.5 Unarmed Combat
 - Level 11.5 Invocations


You had 15 spell levels left.
You didn't know any spells.
Your spell library contained the following spells:

 Spells                   Type           Power      Damage    Failure   Level
 Freeze                   Ice            0%         1d3       100%        1
 Magic Dart               Conj           0%         1d3       100%        1
 Necrotise                Necr           0%         1d4       100%        1
 Sandblast                Erth           0%         2d4       100%        1
 Slow                     Hex            0%         N/A       100%        1
 Ensorcelled Hibernation  Hex/Ice        0%         N/A       100%        2
 Passwall                 Tmut/Erth      0%         N/A       100%        2
 Confusing Touch          Hex            0%         N/A       100%        3
 Dazzling Flash           Conj/Hex       0%         N/A       100%        3
 Frozen Ramparts          Ice            0%         1d1       100%        3
 Hailstorm                Conj/Ice       0%         3d3       100%        3
 Mephitic Cloud           Conj/Pois/Air  0%         N/A       100%        3
 Stone Arrow              Conj/Erth      0%         3d7       100%        3
 Swiftness                Air            0%         N/A       100%        3
 Vampiric Draining        Necr           0%         2d6       100%        3
 Vhi's Electric Charge    Tloc/Air       0%         N/A       100%        3
 Anguish                  Hex/Necr       0%         N/A       100%        4
 Petrify                  Tmut/Erth      0%         N/A       100%        4
 Agony                    Necr           0%         N/A       100%        5
 Arcjolt                  Conj/Air       0%         1d10      100%        5
 Freezing Cloud           Conj/Ice/Air   0%         6-21      100%        5
 Irradiate                Conj/Tmut      0%         3d11      100%        5
 Silence                  Hex/Air        0%         N/A       100%        5
 Yara's Violent Unravell  Hex/Tmut       0%         3d3       100%        5
 Enfeeble                 Hex            0%         N/A       100%        7
 Orb of Destruction       Conj           0%         9d5       100%        7
 Maxwell's Capacitive Co  Air            0%         ∞         100%        8
 Polar Vortex             Ice            0%         N/A       100%        9
 Summon Small Mammal      Summ           Unusable   N/A       N/A         1
 Call Imp                 Summ           Unusable   N/A       N/A         2
 Sublimation of Blood     Necr           Unusable   N/A       N/A         2
 Call Canine Familiar     Summ           Unusable   N/A       N/A         3
 Summon Guardian Golem    Hex/Summ       Unusable   N/A       N/A         3
 Blade Hands              Tmut           Unusable   N/A       N/A         5
 Simulacrum               Ice/Necr       Unusable   N/A       N/A         6
 Dragon Form              Tmut           Unusable   N/A       N/A         7
 Spellforged Servitor     Conj/Summ      Unusable   N/A       N/A         7

Dungeon Overview and Level Annotations

Branches:
Dungeon (12/15)            Temple (1/1) D:5            Lair (5/5) D:8
 Shoals (0/4) Lair:2       Spider (3/4) Lair:3        Slime (0/5) Lair:5
    Orc (2/2) D:9             Elf (0/3) Orc:2       Ossuary (visited)

Altars:
Ashenzari
Cheibriados
Dithmenos
Fedhas
Gozag
Hepliaklqana
Kikubaaqudgha
Makhleb
Nemelex Xobeh
Okawaru
Qazlal
Ru
Sif Muna
Trog
Uskayaw
Vehumet
Wu Jian
Xom
Yredelemnul
Jiyva

Shops:
D:8 :   D:10 (   Orc:2 :*[(

Portals:
Trove: D:12 (give 17 scrolls of teleportation)

Annotations:
D:2 1 runed translucent door, Crazy Yiuf
Lair:5 1 runed translucent door
Spider:1 1 runed translucent door, Wale's ghost, adept DrIE


Innate Abilities, Weirdness & Mutations

You are immune to poison.
You have sharp fingernails.
Your flesh is cold resistant. (rC+)
You are immune to negative energy. (rN+++)
You do not regenerate when monsters are visible.
You are immune to unholy pain and torment.
You thrive by killing the living.


Message History

You pummel the moth of wrath!!
The moth of wrath is heavily wounded.
The wolf spider hits you! The wolf spider bites you!
The tarantella closely misses you. The wolf spider hits you!
* * * LOW HITPOINT WARNING * * *
The wolf spider barely misses you.
The moth of wrath angrily waves its antennae.
The moth of wrath bites you but does no damage.
The tarantella touches you but does no damage.
The moth of wrath attacks as you move away!
The moth of wrath bites you!
* * * LOW HITPOINT WARNING * * *
The wolf spider attacks as you move away!
The wolf spider hits you!
* * * LOW HITPOINT WARNING * * *
The wolf spider bites you!
* * * LOW HITPOINT WARNING * * *
You hear a skittering sound.
The wolf spider barely misses you.
The wolf spider bites you but does no damage.
The tarantella touches you but does no damage.
Unknown command.
You are too confused!
You feel better. You block the wolf spider's attack.
GONNNNG!
You block the wolf spider's attack.
BONNNG!
The tarantella barely misses you. You block the wolf spider's attack.
GONNNNG!
The wolf spider bites you but does no damage.
The tarantella touches you!
* * * LOW HITPOINT WARNING * * *
You block the wolf spider's attack.
GONNNNG!
The wolf spider bites you but does no damage.
The tarantella touches you.
* * * LOW HITPOINT WARNING * * *
You are confused.
You feel better. The wolf spider hits you!!
You die...

#......#..#..##..##......
#...^..####.#..#..##.....
######..#.........^###...
#....##.........#.....
###..#.#....####....^#.
##....>........#......#.
#............^.....#####
##....................##
####..##.@#..###.........#
#.......yss......#...##..#
#######...##.......^^.##...#...
##.........#....†#.#######.##...
#.........##........# ####..#
##..#......##......## ####
##.##.#...#^....#..######
#####....^##..#.#...#.#.##
#...###.#.#..............#


You could see a wolf spider (berserk), a moth of wrath and a tarantella
(berserk).

Vanquished Creatures
  An orc warlord (Orc:1)
  2 broodmothers (Spider:2)
  The ghost of olddryhag the Slicer, a journeyman DsGl of Uskayaw (Orc:2)
  An ettin (Orc:1)
  3 hydras
  Erolcha (Orc:2)
  A catoblepas (Lair:5)
  2 jorogumos (Spider:1)
  3 centaur warriors
  5 boulder beetles
  3 two-headed ogres
  A tengu warrior (D:12)
  6 orc high priests
  5 death yaks (Lair:5)
  Urug (D:11)
  5 pharaoh ants
  A sun moth (Spider:2)
  A deep troll (Spider:1)
  3 orb spiders
  Pikel (D:4)
  A deep elf pyromancer (D:12)
  2 steelbarb worms (Spider:1)
  4 orc knights
  An oklob plant (Lair:4)
  4 orc sorcerers (Orc:1)
  9 wolf spiders
  3 cyclopes
  2 ugly things (D:12)
  14 elephants
  3 manticores
  A merfolk siren (Lair:2)
  A moth of wrath (Spider:2)
  2 torpor snails (Spider:1)
  7 black mambas
  3 rime drakes
  11 cane toads
  3 gargoyles
  7 demonic crawlers
  An unseen horror zombie (D:8)
  9 komodo dragons
  An unseen horror (shapeshifter) (D:8)
  5 trolls
  3 meliai (Spider:1)
  4 polar bears
  12 tarantellas
  Grinder (D:3)
  6 hornets
  13 blink frogs
  17 dream sheep
  3 slime creatures (D:12)
  11 jumping spiders
  15 spriggans (Lair:5)
  35 yaks
  17 culicivoras
  2 wraiths
  2 basilisks
  3 shadows
  5 wyverns
  Eustachio (D:4)
  2 steam dragons
  25 redbacks
  Edmund (D:5)
  6 wargs
  An acid dragon (D:10)
  A two-headed ogre zombie (D:9)
  Duvessa (D:6)
  14 water moccasins
  27 orc warriors
  A floating eye (Spider:1)
  3 ice beasts
  A sky beast (D:8)
  2 hornet zombies (D:8)
  10 black bears
  7 ogres
  24 wolves
  5 boggarts (Lair:5)
  3 lemures (D:5)
  3 centaurs
  A phantom (D:9)
  3 kobold brigands
  An elf zombie (Ossuary)
  14 bullfrogs
  3 scorpions
  A wyvern zombie (D:8)
  Dowan (D:6)
  5 wights (D:9)
  10 killer bees
  2 troll zombies (D:9)
  2 electric eels (D:10)
  A centaur zombie (D:8)
  A jelly (D:6)
  4 hounds
  14 orc priests
  3 human zombies (Ossuary)
  Ijyb (D:5)
  Terence (D:2)
  13 orc wizards
  5 iguanas
  4 hell rats (Lair:1)
  A killer bee zombie (D:8)
  5 ogre zombies (D:9)
  3 mummies
  3 howler monkey zombies (D:8)
  Robin (D:2)
  4 gnolls (D:8)
  5 adders
  2 shadow imps
  2 white imps (D:6)
  An ufetubus (D:5)
  An adder zombie (Ossuary)
  5 dart slugs
  62 orcs
  6 ball pythons
  7 endoplasms
  A giant cockroach (D:1)
  10 goblins
  18 hobgoblins
  2 jackals (D:2)
  7 quokkas
  6 bats (D:1)
  2 frilled lizards
  2 goblin skeletons (D:9)
  4 goblin zombies
  2 hobgoblin skeletons (D:9)
  14 hobgoblin zombies (Ossuary)
  2 jackal zombies (Ossuary)
  24 kobolds
  7 kobold zombies
  An orc skeleton (D:9)
  22 orc zombies
  6 rats
  3 rat zombies (Ossuary)
759 creatures vanquished.

Vanquished Creatures (others)
  71 fungi
  64 plants
135 creatures vanquished.

Grand Total: 894 creatures vanquished

Notes
Turn   | Place    | Note
-------+----------+-------------------------------------------
     0 | D:1      | cforsyth the Ghoul Monk began the quest for the Orb.
     0 | D:1      | Reached XP level 1. HP: 19/19 MP: 0/0
   144 | D:1      | Reached XP level 2. HP: 25/26 MP: 1/1
   622 | D:1      | Reached XP level 3. HP: 26/33 MP: 2/2
  1026 | D:1      | Found a faded altar of an unknown god.
  1249 | D:2      | Reached XP level 4. HP: 31/41 MP: 3/3
  1347 | D:2      | Noticed Terence
  1359 | D:2      | Killed Terence
  2006 | D:2      | Found a runed translucent door.
  2007 | D:2      | Noticed Crazy Yiuf
  2114 | D:3      | Noticed Grinder
  2148 | D:3      | Paralysed by Grinder for 4 turns
  2158 | D:3      | Killed Grinder
  2159 | D:3      | Reached skill level 5 in Fighting
  2159 | D:3      | Reached skill level 5 in Unarmed Combat
  2159 | D:3      | Reached XP level 5. HP: 11/50 MP: 4/4
  2159 | D:3      | Reached XP level 6. HP: 12/57 MP: 5/5
  2558 | D:3      | Noticed Robin
  2626 | D:2      | Killed Robin
  3139 | D:4      | Found a stormy altar of Qazlal.
  3247 | D:4      | Found a snail-covered altar of Cheibriados.
  3667 | D:5      | Entered Level 5 of the Dungeon
  3830 | D:5      | Reached XP level 7. HP: 59/64 MP: 6/6
  4068 | D:5      | Noticed Pikel
  4498 | D:5      | Noticed Eustachio
  4640 | D:4      | Killed Eustachio
  4641 | D:4      | Reached XP level 8. HP: 59/74 MP: 7/7
  4730 | D:5      | Noticed Edmund
  4747 | D:5      | Killed Edmund
  4748 | D:5      | Reached skill level 1 in Armour
  4748 | D:5      | Noticed Ijyb
  4754 | D:5      | Killed Ijyb
  4805 | D:5      | Found a large runed translucent door.
  4805 | D:5      | Found a large runed translucent door.
  4830 | D:5      | Found a staircase to the Ecumenical Temple.
  4894 | D:4      | Killed Pikel
  5061 | D:6      | Identified the ring "Eshrum Idde" {rF+ rN+}
  5097 | D:6      | Found a sand-covered staircase.
  5104 | Ossuary  | Entered an ossuary
  5384 | Ossuary  | Reached XP level 9. HP: 69/82 MP: 8/8
  5629 | D:6      | Noticed Dowan
  5636 | D:6      | Noticed Duvessa
  5664 | D:6      | Killed Duvessa
  5684 | D:6      | Killed Dowan
  6036 | Temple   | Entered the Ecumenical Temple
  6106 | D:5      | Found a blossoming altar of Fedhas.
  7086 | D:7      | Reached skill level 10 in Unarmed Combat
  7145 | D:7      | Reached skill level 10 in Fighting
  7212 | D:7      | Noticed a troll
  7231 | D:7      | Killed a troll
  7232 | D:7      | Reached skill level 5 in Armour
  7319 | D:7      | Reached XP level 10. HP: 93/93 MP: 9/9
  7912 | D:8      | Noticed Maggie
  8332 | D:8      | Found a staircase to the Lair.
  8657 | D:8      | Maggie changed into Maggie the sky beast
  8657 | D:8      | Noticed Maggie
  8671 | D:8      | Killed Maggie the sky beast
  8846 | D:8      | Found Atuwez's Book Emporium.
  8882 | D:8      | Found an iron altar of Okawaru.
  8887 | D:8      | Became a worshipper of Warmaster Okawaru
  8887 | D:8      | Reached * piety under Okawaru
  8887 | D:8      | Reached ** piety under Okawaru
  8961 | D:8      | Found a shimmering blue altar of Sif Muna.
  8962 | D:8      | Found an ancient bone altar of Kikubaaqudgha.
  8963 | D:8      | Found a radiant altar of Vehumet.
  9258 | D:8      | Found a basalt altar of Yredelemnul.
  9635 | D:8      | Identified the +1 leather armour of Ecunohef {rPois Str-3
                  | Int+3 Dex+3}
  9758 | D:8      | Noticed a centaur warrior
  9758 | D:8      | Noticed a centaur warrior
  9758 | D:8      | Noticed a boulder beetle
  9759 | D:8      | Found a runed translucent door.
  9761 | D:8      | Noticed a manticore
  9761 | D:8      | Noticed a manticore
  9761 | D:8      | Noticed a cyclops
  9913 | D:9      | You fall into a shaft and drop 1 floor!
  9913 | D:10     | Entered Level 10 of the Dungeon
  9919 | D:10     | Found Xatem's Firing Range.
  9984 | D:10     | Found a sacrificial altar of Ru.
 10121 | D:10     | Reached *** piety under Okawaru
 10210 | D:9      | Reached XP level 11. HP: 72/103 MP: 10/10
 10604 | D:9      | Found a staircase to the Orcish Mines.
 11073 | D:10     | Reached **** piety under Okawaru
 12249 | D:11     | Noticed a boulder beetle
 12258 | D:11     | Killed a boulder beetle
 12816 | D:11     | Found the +18 shield of the Gong {rElec rN+ Will+ EV-5}
 13088 | D:11     | Noticed a two-headed ogre
 13094 | D:11     | Killed a two-headed ogre
 13094 | D:11     | Received a gift from Okawaru
 13320 | D:11     | Noticed Urug
 13328 | D:11     | Killed Urug
 13328 | D:11     | Reached ***** piety under Okawaru
 13473 | D:12     | Reached XP level 12. HP: 115/115 MP: 11/11
 14063 | D:12     | Noticed Sonja
 14064 | D:12     | Sonja changed into Sonja the blink frog
 14064 | D:12     | Noticed Sonja
 14068 | D:12     | Killed Sonja the blink frog
 14091 | D:12     | Noticed a two-headed ogre
 14097 | D:12     | Killed a two-headed ogre
 14293 | D:12     | Noticed a two-headed ogre
 14300 | D:12     | Killed a two-headed ogre
 14301 | D:12     | Reached skill level 1 in Invocations
 14408 | D:12     | Found a portal to a secret trove of treasure.
 14729 | D:12     | Noticed a boulder beetle
 14731 | D:12     | Noticed a tengu warrior
 14749 | D:12     | Killed a tengu warrior
 14764 | D:12     | Killed a boulder beetle
 14904 | D:12     | Noticed a centaur warrior
 14906 | D:12     | Identified the +11 glaive of Zifuq {heavy, *Slow rC-
                  | Will+++ rCorr} (Okawaru gifted it to you on level 12 of the
                  | Dungeon)
 14906 | D:12     | Received a gift from Okawaru
 14922 | D:12     | Killed a centaur warrior
 15072 | Lair:1   | Entered Level 1 of the Lair of Beasts
 15783 | D:8      | Killed a centaur warrior
 15785 | D:8      | Killed a centaur warrior
 15786 | D:8      | Reached skill level 1 in Shields
 15791 | D:8      | Received a gift from Okawaru
 15792 | D:8      | Reached skill level 10 in Armour
 15802 | D:8      | Killed a boulder beetle
 15803 | D:8      | Reached XP level 13. HP: 117/124 MP: 15/15
 15822 | D:8      | Reached skill level 5 in Invocations
 15830 | D:8      | Received a gift from Okawaru
 17249 | Lair:2   | Found a staircase to the Shoals.
 18003 | Lair:3   | Received a gift from Okawaru
 18533 | Lair:3   | Identified the +5 quarterstaff "Fusesem" {holy, Fly rElec
                  | rF- Str+2}
 18553 | Lair:3   | Found a hole to the Spider Nest.
 19303 | Lair:4   | Reached skill level 15 in Fighting
 19303 | Lair:4   | Reached skill level 15 in Unarmed Combat
 19705 | Lair:4   | Reached skill level 5 in Shields
 19828 | Lair:4   | Identified the +1 ring mail of the Onion {rN+ Str+2}
                  | (Okawaru gifted it to you on level 4 of the Lair of Beasts)
 19828 | Lair:4   | Received a gift from Okawaru
 20003 | Lair:4   | Reached XP level 14. HP: 111/135 MP: 18/18
 20142 | Lair:5   | Entered Level 5 of the Lair of Beasts
 20680 | Lair:5   | Identified the ring "Zostag" {Ice Slay+4}
 20888 | Lair:5   | Received a gift from Okawaru
 21967 | Lair:5   | Found a runed translucent door.
 21968 | Lair:5   | Found a viscous altar of Jiyva.
 21968 | Lair:5   | Noticed an azure jelly
 21968 | Lair:5   | Noticed an azure jelly
 21969 | Lair:5   | Found a staircase to the Slime Pits.
 21969 | Lair:5   | Noticed an azure jelly
 22202 | Orc:1    | Entered Level 1 of the Orcish Mines
 22225 | Orc:1    | Reached XP level 15. HP: 141/144 MP: 21/21
 22555 | Orc:2    | Entered Level 2 of the Orcish Mines
 22625 | Orc:1    | Reached skill level 10 in Invocations
 23440 | Orc:2    | Noticed an orc warlord
 23624 | Orc:1    | Killed an orc warlord
 24255 | Orc:2    | Found a staircase to the Elven Halls.
 24370 | Orc:2    | Noticed Erolcha
 24456 | Orc:2    | Killed Erolcha
 24791 | Orc:2    | Found Leog's Antique Armour Boutique.
 24933 | Orc:2    | Found Zutuqiz's Book Emporium.
 24964 | Orc:2    | Found Sesafum's General Store.
 25054 | Orc:2    | Found a runed translucent gate.
 25054 | Orc:2    | Noticed olddryhag's ghost (journeyman DsGl)
 25054 | Orc:2    | Identified the +1 plate armour of Siommek {Will+ Str+3
                  | Dex-5}
 25055 | Orc:2    | Found a runed translucent gate.
 25057 | Orc:2    | Found a runed translucent gate.
 25060 | Orc:2    | Found Buhimic's Antique Weapon Shop.
 25292 | Orc:2    | Identified the +0 scale mail "Hix Karuxt" {rN+ Dex+5
                  | Stlth-} (Okawaru gifted it to you on level 2 of the Orcish
                  | Mines)
 25292 | Orc:2    | Received a gift from Okawaru
 25321 | Orc:2    | Killed olddryhag's ghost
 25341 | Orc:2    | Identified the +1 pair of gloves of Moral Flaws {rN+ Will+
                  | Dex+2}
 25530 | Spider:1 | Entered Level 1 of the Spider Nest
 26266 | Spider:1 | Noticed Wale's ghost (adept DrIE)
 26273 | Spider:1 | Found a runed translucent door.
 28745 | Spider:2 | Reached ****** piety under Okawaru
 28746 | Spider:2 | Reached XP level 16. HP: 124/155 MP: 23/23
 29026 | Spider:2 | Received a gift from Okawaru
 30910 | Spider:2 | HP: 6/155 [tarantella (8)]
 30911 | Spider:2 | Mangled by a wolf spider

Illustrated notes

Levels and vault maps discovered:
D:1:      matt_arrival_diagonals, layout_basic, basic_ecumenical_altar
D:2:      layout_basic, serial_park_tiny_1, chequers_garden,
          minmay_pentomino_x2, uniq_crazy_yiuf_cottage, uniq_terence
D:3:      layout_rooms, uniq_grinder, uniq_robin
D:4:      layout_loops_cross, nicolae_qazlal_general_emergency,
          old_standard_altar, chequers_serial_rivers_small_b,
          hangedman_abyss_or_decor_lesser_grid
D:5:      layout_basic, jmf_multi_god_temple2, temple_green, uniq_pikel,
          uniq_ijyb, uniq_eustachio, uniq_edmund
D:6:      layout_gridville, nicolae_ossuary_entry_giza, uniq_duvessa
D:7:      layout_basic
D:8:      minmay_gate_of_8, layout_loops_corners,
          grunt_temple_overflow_magic_moments,
          hellmonk_okawaru_the_only_friend_you_need,
          nicolae_yredelemnul_corpse_copse, due_lair_maze_entry_diamond,
          serial_shops, shop, uniq_maggie
D:9:      layout_rooms, zombieorc2_lemuel
D:10:     layout_basic, mainiacjoe_overflow_catwalk_spiral, st_stairs_10,
          grunt_ministairs_9, nicolae_shop_firing_range
D:11:     layout_cave_pods, uniq_urug
D:12:     minmay_chambers_of_sixes, layout_loops_ring, enter_trove_6, uniq_sonja
Temple:   hellmonk_temple_of_storms
Lair:1:   layout_cave_pods
Lair:2:   layout_loops_ring, minmay_shoals_entry_lonely_mermaid,
          grunt_megastairs_5
Lair:3:   layout_gridlike, spider_nest_entry_webs
Lair:4:   layout_roguey
Lair:5:   minmay_lair_end_enchanted_forest, layout_layer_cave, slime_entry_2,
          nzn_sisyphean_effort
Spider:1: layout_cave_pods, hellmonk_ghost_happy_afterlife,
          nicolae_spider_orb_run
Spider:2: layout_spider_delve
Spider:3: layout_chambers
Orc:1:    layout_caves
Orc:2:    grunt_orc_gardens, layout_caves, grunt_orc_garden, grunt_orc_garden,
          grunt_orc_garden, grunt_orc_garden, biasface_ghost_orc_armoury,
          uniq_erolcha

Skill      XL: |  1  2  3  4  5  6  7  8  9 10 11 12 13 14 15 16 |
---------------+-------------------------------------------------+-----
Fighting       | 4 5 6 7 8 10 11 13 14 15 16 17 | 17.2
Unarmed Combat | 4 5 6 7 8 10 11 13 14 15 16 17 | 17.5
Armour         | 3 5 7 8 10 | 10.3
Invocations    | 4 7 9 11 | 11.5
Shields        | 1 5 7 9 |  9.4
Dodging        | 3 |  3.8
Stealth        | |  2.1

Action                   |  1- 3 |  4- 6 |  7- 9 | 10-12 | 13-15 | 16-18 || total
-------------------------+-------+-------+-------+-------+-------+-------++-------
Melee: Unarmed           |   119 |   146 |   352 |   706 |  1439 |   196 ||  2958
       Punch             |     1 |     2 |    16 |    63 |   106 |       ||   188
Invok: Heroism           |       |       |       |     7 |    13 |       ||    20
Evoke: Wand              |       |       |       |     2 |     5 |       ||     7
  Use: Potion            |       |     5 |     2 |       |     2 |     2 ||    11
       Scroll            |       |     7 |     5 |     6 |     2 |       ||    20
 Stab: Sleeping          |     1 |     1 |       |       |       |       ||     2
Armor: Robe              |    32 |    10 |       |       |       |       ||    42
       Chain mail        |       |    13 |   138 |   251 |   157 |       ||   559
       Plate armour      |       |       |       |    11 |   479 |    88 ||   578
Dodge: Dodged            |    85 |    71 |   107 |   254 |   727 |    43 ||  1287
Block: Other             |    20 |    22 |    76 |   126 |   204 |       ||   448
       Reflection        |     1 |       |     3 |     4 |    12 |       ||    20
       Kite shield       |       |       |       |       |   762 |   384 ||  1146

Table legend: (Time is in decaauts)
 A = Elapsed time spent in this place.
 B = Non-inter-level travel time spent in this place.
 C = Inter-level travel time spent in this place.
 D = Time resting spent in this place.
 E = Time spent auto-exploring this place.
 F = Levels seen in this place.
 G = Mean time per level.
                   A        B        C        D        E       F      G
               +--------+--------+--------+--------+--------+-----+--------+
         Total |  30351 |  28966 |   1385 |   7800 |  15252 |  24 | 1264.6 |
       Dungeon |  14994 |  14026 |    968 |   2246 |   8984 |  12 | 1249.5 |
        Temple |     40 |     33 |      7 |      0 |     24 |   1 |   40.0 |
          Lair |   6383 |   6082 |    301 |    427 |   4518 |   5 | 1276.6 |
   Spider Nest |   5303 |   5250 |     53 |   3170 |    923 |   3 | 1767.7 |
  Orcish Mines |   3156 |   3102 |     54 |   1830 |    764 |   2 | 1578.0 |
       Ossuary |    473 |    473 |      0 |    127 |     39 |   1 |  473.0 |
               +--------+--------+--------+--------+--------+-----+--------+

Top non-repeatable levels by time:
Spider:1: 2936 daAuts
Spider:2: 2073 daAuts
   Orc:1: 1990 daAuts
     D:7: 1989 daAuts
     D:8: 1837 daAuts
  Lair:5: 1795 daAuts
    D:12: 1587 daAuts
    D:10: 1500 daAuts
     D:2: 1455 daAuts
    D:11: 1290 daAuts
  Lair:3: 1255 daAuts
  Lair:2: 1229 daAuts
     D:5: 1209 daAuts
   Orc:2: 1165 daAuts
  Lair:1: 1133 daAuts
